AoeStats
← Reis

Nomad

507250751Analyzed
4v4 RM · 15d ago on Sep 17, 2026· 60m 1s· 8 players
Game mode
Random Map
Map size
231×231
Population
200
Speed
Normal
Resources
Standard
Victory
Conquest
Starting age
Dark Age
Ending age
Imperial Age
RankedLock teamsTeams togetherTeam positionsShared explorationLock speedFull tech treeHidden civsTurbo modeCheats
Victory
Defeat
🇩🇪 Vikings · Germany
1416
+12
🇨🇳 Berbers · China
1414
+12
🇨🇳 Wei · China
1403
+13
🇨🇳 Vietnamese · China
1402
+13
🇹🇷 Persians · Türkiye
1352
-13
🇨🇭 Bulgarians · Switzerland
1343
-12
🇩🇪 Vietnamese · Germany
1338
-13
🇸🇪 Mapuche · Sweden
1314
-12
nickneime
3:32 Loom
15:18 Feudal Age
16:19 Horse Collar
19:11 Castle Age
17:24 Scale Barding Armor
17:29 Forging
18:29 Bloodlines
18:30 Forging
18:10 Fishing Lines
21:05 Gold Mining
27:56 Gold Shaft Mining
27:11 Stone Mining
28:21 Iron Casting
41:45 Heavy Plow
43:56 Wheelbarrow
44:44 Chain Barding Armor
46:01 Light Cavalry
Reis
True
5:02 Loom
Lastdrop
4:53 Loom
15:14 Feudal Age
16:04 Fishing Lines
19:15 Castle Age
18:03 Double-Bit Axe
20:47 Bow Saw
20:48 Gillnets
23:35 Wheelbarrow
22:47 Town Watch
23:59 Fletching
24:09 Padded Archer Armor
24:21 Bloodlines
24:12 Husbandry
25:26 Bodkin Arrow
26:25 Thumb Ring
27:30 Ballistics
27:32 Town Patrol
34:58 Imperial Age
35:01 Gold Mining
35:27 Capped Ram
36:55 Bracer
38:28 Horse Collar
40:07 Chemistry
41:11 Leather Archer Armor
42:46 Ring Archer Armor
46:07 Hand Cart
49:03 Elite Rattan Archer
50:11 Siege Engineers
52:55 Scale Mail Armor
53:05 Forging
53:42 Scale Barding Armor
53:51 Forging
53:04 Light Cavalry
55:21 Chain Barding Armor
55:37 Iron Casting
55:38 Paper Money
55:56 Hoardings
57:01 Plate Barding Armor
56:40 Murder Holes
56:25 Treadmill Crane
58:10 Elite Skirmisher
58:51 Imperial Skirmisher
Basti8712
13:50 Feudal Age
18:10 Castle Age
16:41 Double-Bit Axe
16:49 Stone Mining
17:17 Loom
19:54 Bow Saw
19:28 Fishing Lines
22:09 Forging
22:00 Scale Mail Armor
43:06 Gillnets
46:35 Imperial Age
44:42 Fletching
44:53 Padded Archer Armor
47:09 Bodkin Arrow
47:36 Ballistics
50:46 Two-Man Saw
51:54 Chain Mail Armor
52:14 Iron Casting
53:53 Conscription
53:41 Chieftains
55:51 Elite Berserk
58:59 Plate Mail Armor
59:29 Blast Furnace
58:45 Squires
58:31 Arson
58:31 Gambesons
red
逸丶然
西门大官人
4:25 Loom
13:11 Feudal Age
14:46 Wheelbarrow
17:44 Castle Age
16:20 Stone Mining
19:48 Double-Bit Axe
19:46 Horse Collar
20:51 Hand Cart
21:01 Hand Cart
24:57 Fletching
27:00 Gold Mining
27:49 Bodkin Arrow
29:32 Padded Archer Armor
30:20 Ballistics
33:34 Imperial Age
32:29 Leather Archer Armor
33:44 Stone Shaft Mining
33:20 Bow Saw
33:59 Squires
34:38 Paper Money
35:37 Chemistry
35:29 Elite Rattan Archer
36:33 Bracer
42:26 Hoardings
42:48 Scale Barding Armor
42:54 Forging
45:21 Scale Mail Armor
45:56 Iron Casting
45:55 Ring Archer Armor
44:49 Pikeman
45:15 Arson
46:30 Chain Barding Armor
46:46 Iron Casting
47:07 Bloodlines
46:58 Husbandry
46:18 Elite Battle Elephant
47:01 Chatras
46:58 Light Cavalry
48:41 Plate Barding Armor
48:05 Halberdier
49:01 Scale Mail Armor
50:33 Two-Man Saw
50:14 Murder Holes
Connection lost

Rejoining the realm…

Still unreachable

The connection could not be restored.

Session expired

The server has moved on; the page needs a fresh start.